 Dungeon Crawl Stone Soup version 0.26.0-15-gc6cd9f700b (webtiles) character file.

Game seed: 8121866384839622764

10670 xSliceyx the Frost Mage (level 11, -4/62 HPs)
             Began as a Deep Elf Ice Elementalist on Jan 16, 2021.
             Was an Elder of Sif Muna.
             Splashed by an oklob plant's acid (9 damage)
             ... on level 11 of the Dungeon.
             The game lasted 01:23:43 (14012 turns).

xSliceyx the Frost Mage (DEIE)                     Turns: 14012, Time: 01:23:43

Health: -4/62      AC:  9    Str:  5    XL:     11   Next: 39%
Magic:  25/27      EV: 19    Int: 24    God:    Sif Muna [****..]
Gold:   718        SH:  4    Dex: 15    Spells: 16/31 levels left

rFire    . . .     SeeInvis .   N - +7 Singing Sword {vorpal, sonic wave}
rCold    + . .     Faith    .   y - -1 buckler
rNeg     . . .     Spirit   .   a - +0 robe
rPois    .         Reflect  .   (no helmet)
rElec    .         Harm     .   v - +2 cloak
rCorr    .         Rampage  .   (no gloves)
Will     +....                  t - +2 pair of boots
Stlth    ++........             (no amulet)
HPRegen  0.20/turn              r - ring of wizardry
MPRegen  0.20/turn              w - ring of protection from cold

@: icy armour, corroded, studying Armour
A: no striking features
a: Renounce Religion, Channel Magic, Forget Spell, Divine Exegesis


You were on level 11 of the Dungeon.
You worshipped Sif Muna.
Sif Muna was greatly pleased with you.
You visited 2 branches of the dungeon, and saw 12 of its levels.
You also visited: Bailey.

You collected 718 gold pieces.

Inventory:

Hand Weapons
 g - the cursed +1 executioner's axe of Puhim {vorpal, Str+2, unknown}
   (You found it in a bailey)

   It inflicts extra damage upon your enemies.
   It affects your strength (+2).
   It has a curse placed upon it.
 I - a +4 flail of holy wrath
 N - the +7 Singing Sword (weapon) {vorpal, sonic wave}
   (You found it on level 7 of the Dungeon)

   It inflicts extra damage upon your enemies.
Missiles
 i - 29 poisoned darts (quivered)
Armour
 a - a +0 robe (worn)
 q - the +0 cloak "Reofosch" {+Fly rC+ rN+ MP-9}
   (You found it on level 9 of the Dungeon)

   It protects you from cold.
   It protects you from negative energy.
   It affects your magic capacity (-9).
   It lets you fly.
 t - a +2 pair of boots (worn)
 v - a +2 cloak (worn)
 y - a -1 buckler (worn)
Jewellery
 r - a ring of wizardry (left hand)
 w - a ring of protection from cold (right hand)
 M - an uncursed ring of wizardry
Wands
 k - a wand of flame (32)
 m - a wand of random effects (37)
 G - a wand of enslavement (10)
 L - a wand of polymorph (7)
Scrolls
 d - 2 scrolls of amnesia
 o - a scroll of noise
 p - 2 scrolls of remove curse
 s - a scroll of identify
 x - 4 scrolls of teleportation
 C - 2 scrolls of enchant weapon
 F - a scroll of magic mapping
 H - 3 scrolls of enchant armour {unknown}
Potions
 b - 2 potions of invisibility
 c - a potion of experience {unknown}
 f - a potion of mutation
 h - 3 potions of curing
 j - 2 potions of lignification
 l - a potion of attraction {unknown}
 n - 3 potions of flight
 z - a potion of heal wounds
 A - a potion of haste {unknown}
 B - a potion of resistance {unknown}
 D - a potion of brilliance {unknown}
 E - a potion of ambrosia {unknown}
 J - 4 potions of magic {unknown}
Books
 e - a manual of Armour


   Skills:
 + Level 4.4 Fighting
 - Level 2.0 Long Blades
 - Level 10.0 Dodging
 - Level 2.4 Stealth
 - Level 4.0 Shields
 + Level 10.6 Spellcasting
 + Level 11.0 Ice Magic
 + Level 7.9 Invocations


You had 16 spell levels left.
You knew the following spells:

 Your Spells              Type           Power        Failure   Level
a - Freeze                Ice            100%         1%          1
b - Frozen Ramparts       Ice            100%         1%          3
c - Ozocubu's Armour      Ice            60%          1%          3
d - Hailstorm             Conj/Ice       39%          1%          4
e - Summon Ice Beast      Ice/Summ       39%          1%          4

Your spell library contained the following spells:

 Spells                   Type           Power        Failure   Level
 Animate Skeleton         Necr           24%          1%          1
 Apportation              Tloc           24%          1%          1
 Corona                   Hex            13%          1%          1
 Summon Small Mammal      Summ           48%          1%          1


Dungeon Overview and Level Annotations

Branches:
Dungeon (11/15)            Temple (1/1) D:7            Lair (0/6) D:11
 Bailey (visited)
    Orc: D:9-12

Altars:
Ashenzari
Cheibriados
Dithmenos
Elyvilon
Fedhas
Gozag
Hepliaklqana
Kikubaaqudgha
Makhleb
Nemelex Xobeh
Okawaru
Qazlal
Ru
Sif Muna
Trog
Uskayaw
Vehumet
Wu Jian
Xom
Yredelemnul
Zin
The Shining One

Shops:
D:11 (

Annotations:
D:6 1 exclusion
D:7 3 runed translucent doors, trckry's ghost, novice DrTm
D:11 exclusion: oklob plant


Message History

The oklob plant is almost destroyed.
The oklob plant spits acid at you. The splash of acid hits you!
You are splashed with acid!
* * * LOW HITPOINT WARNING * * *
You slash the oklob plant!
The Singing Sword suddenly bursts into murderous laughter!
You send a blast of sound all around you.
The oklob plant is blasted.
The oklob plant is moderately damaged.
You destroy the oklob plant!
Sif Muna accepts your kill.
You hear a bellow! x2
The oklob plant spits acid at you.
The splash of acid hits you but does no damage.
The acid corrodes you!
You are splashed with acid!
* * * LOW HITPOINT WARNING * * *
The oklob plant spits acid at you.
The splash of acid hits you but does no damage.
The acid corrodes you!
You are splashed with acid!
You die...

#............
#............
##..#.###########
#................
#.....###........
##.#...≈...#.####
##..#...#..#..
#.##...##.# ...
#.@.......# ..
#≈...>.P.≈# )
#.........#
#.##...##. #..
...# .#. .≈... .
. ##... .. ...


You could see an oklob plant.

Vanquished Creatures
  2 two-headed ogres (D:9)
  2 unseen horrors
  Pikel (D:7)
  An oklob plant (D:11)
  An ugly thing (D:9)
  Prince Ribbit (D:7)
  3 yaks (D:9)
  Eustachio (D:4)
  Menkaure (D:6)
  Edmund (D:6)
  A soldier ant (D:10)
  9 orc warriors
  An eye of draining (D:10)
  An ice beast (D:6)
  3 sky beasts
  A black bear (D:10)
  2 phantoms
  6 ogres
  7 centaurs
  Blork the orc (D:6)
  A gnoll sergeant (D:11)
  5 bullfrogs
  5 scorpions
  5 killer bees (D:10)
  12 wights
  A howler monkey (D:8)
  6 orc priests
  A centaur skeleton (D:4)
  4 hounds
  Crazy Yiuf (D:3)
  2 bullfrog skeletons
  4 jellies
  8 orc wizards
  3 iguanas (D:8)
  Natasha (thrice) (D:2)
  5 worker ants
  A hound skeleton (D:9)
  A worker ant zombie (D:10)
  5 gnolls (D:11)
  11 adders
  A shadow imp (D:8)
  A white imp (D:9)
  3 ufetubi
  An ooze (D:3)
  2 worms
  2 dart slugs
  4 leopard geckos
  59 orcs
  12 bats
  3 giant cockroaches
  9 goblins
  7 hobgoblins
  4 jackals (D:2)
  6 quokkas
  A ball python (D:7)
  4 frilled lizards
  A leopard gecko skeleton (D:6)
  A quokka skeleton (D:5)
  4 rats
255 creatures vanquished.

Vanquished Creatures (collateral kills)
  A two-headed ogre (D:9)
  An ugly thing (D:11)
  6 orc warriors
  6 centaurs (Bailey)
  A water moccasin zombie (D:5)
  2 bullfrog zombies
  A white imp (D:6)
  An ufetubus (D:6)
  A leopard gecko (D:10)
  9 orcs
29 creatures vanquished.

Vanquished Creatures (others)
  3 fungi (D:7)
  15 plants
18 creatures vanquished.

Grand Total: 302 creatures vanquished

Notes
Turn   | Place    | Note
-------+----------+-------------------------------------------
     0 | D:1      | xSliceyx the Deep Elf Ice Elementalist began the quest for
                  | the Orb.
     0 | D:1      | Reached XP level 1. HP: 10/10 MP: 6/6
   412 | D:1      | Reached XP level 2. HP: 15/15 MP: 6/8
   861 | D:2      | Noticed Natasha
   868 | D:2      | Killed Natasha
   869 | D:2      | Reached XP level 3. HP: 5/19 MP: 7/10
   873 | D:2      | Learned a level 3 spell: Frozen Ramparts
  1307 | D:2      | Reached skill level 5 in Ice Magic
  1689 | D:2      | Reached XP level 4. HP: 24/24 MP: 8/12
  1853 | D:2      | Noticed Natasha
  1861 | D:2      | Killed Natasha
  1908 | D:2      | Noticed Natasha
  1924 | D:2      | Killed Natasha
  2115 | D:2      | Found a basalt altar of Yredelemnul.
  2192 | D:3      | Noticed an ogre
  2207 | D:3      | Killed an ogre
  2208 | D:3      | Reached skill level 5 in Spellcasting
  2208 | D:3      | Reached XP level 5. HP: 23/28 MP: 4/14
  2281 | D:3      | Learned a level 3 spell: Ozocubu's Armour
  2627 | D:3      | Found a runed translucent door.
  2628 | D:3      | Noticed Crazy Yiuf
  2635 | D:3      | Killed Crazy Yiuf
  2900 | D:3      | Found a white marble altar of Elyvilon.
  3015 | D:4      | Reached XP level 6. HP: 23/32 MP: 10/16
  3413 | D:4      | Learned a level 4 spell: Hailstorm
  3418 | D:4      | Learned a level 4 spell: Summon Ice Beast
  3557 | D:4      | Noticed Eustachio
  3567 | D:4      | Reached skill level 6 in Ice Magic
  3601 | D:4      | Killed Eustachio
  3602 | D:4      | Reached skill level 5 in Dodging
  3602 | D:4      | Reached skill level 1 in Shields
  3706 | D:4      | Found a blossoming altar of Fedhas.
  3943 | D:5      | Entered Level 5 of the Dungeon
  4008 | D:5      | Reached XP level 7. HP: 36/36 MP: 9/18
  5344 | D:6      | Found a burning altar of Makhleb.
  5348 | D:6      | Reached skill level 7 in Ice Magic
  5377 | D:6      | Reached XP level 8. HP: 41/41 MP: 13/20
  5562 | D:6      | Noticed Edmund
  5709 | D:6      | Killed Edmund
  5784 | D:6      | Noticed a +0 hand axe
  5784 | D:6      | Noticed a +0 hand axe
  5796 | D:6      | Found a hide-covered altar of Uskayaw.
  5965 | D:6      | Noticed Menkaure
  5982 | D:6      | Killed Menkaure
  6417 | D:6      | Noticed Blork the orc
  6424 | D:6      | Killed Blork the orc
  6547 | D:7      | Found a runed translucent gate.
  6547 | D:7      | Found a runed translucent gate.
  6555 | D:7      | Found a runed translucent gate.
  6555 | D:7      | Noticed trckry's ghost (novice DrTm)
  6924 | D:7      | Found a staircase to the Ecumenical Temple.
  6940 | Temple   | Entered the Ecumenical Temple
  6963 | Temple   | Became a worshipper of Sif Muna the Loreminder
  6998 | D:7      | Reached skill level 8 in Ice Magic
  7208 | D:7      | Noticed Prince Ribbit
  7228 | D:7      | Killed Prince Ribbit
  7229 | D:7      | Reached skill level 1 in Invocations
  7447 | D:7      | Reached XP level 9. HP: 32/45 MP: 15/21
  7501 | D:7      | Noticed Pikel
  7506 | D:7      | Killed Pikel
  7683 | D:7      | Reached skill level 9 in Ice Magic
  7736 | D:7      | Found the +7 Singing Sword {vorpal, sonic wave}
  7738 | D:7      | Reached * piety under Sif Muna
  8850 | D:8      | Found an opulent altar of Gozag.
  8850 | D:8      | Found a sacrificial altar of Ru.
  8935 | D:8      | Found a faded altar of an unknown god.
  8937 | D:8      | Found a faded altar of an unknown god.
  8938 | D:8      | Found an iron altar of Okawaru.
  9175 | D:8      | Reached skill level 1 in Long Blades
  9356 | D:9      | Reached skill level 5 in Invocations
  9470 | D:9      | Noticed a two-headed ogre
  9477 | D:9      | Killed a two-headed ogre
  9478 | D:9      | Reached skill level 1 in Fighting
  9478 | D:9      | Reached XP level 10. HP: 23/52 MP: 14/24
  9656 | D:9      | Found a burning altar of Makhleb.
  9657 | D:9      | Noticed a cacodemon
  9662 | D:9      | Found a glowing silver altar of Zin.
  9662 | D:9      | Noticed an angel
  9843 | D:9      | Noticed a red ugly thing
  9861 | D:9      | Killed a red ugly thing
  9861 | D:9      | Reached ** piety under Sif Muna
  9862 | D:9      | Reached skill level 10 in Dodging
 10165 | D:9      | Got a steaming cloak
 10176 | D:9      | Identified the +0 cloak "Reofosch" {+Fly rC+ rN+ MP-9} (You
                  | found it on level 9 of the Dungeon)
 10390 | D:9      | Reached skill level 10 in Ice Magic
 10522 | D:9      | Noticed a two-headed ogre
 10530 | D:9      | Killed a two-headed ogre
 10884 | D:9      | Noticed a two-headed ogre
 10892 | D:9      | Killed a two-headed ogre
 11288 | D:10     | Entered Level 10 of the Dungeon
 11356 | D:10     | Killed an unseen horror
 11393 | D:10     | Reached XP level 11. HP: 23/60 MP: 6/26
 11398 | D:10     | Found a flagged portal.
 11470 | D:10     | Reached skill level 10 in Spellcasting
 11472 | D:10     | Reached *** piety under Sif Muna
 11480 | Bailey   | Entered a bailey
 12683 | Bailey   | Got a slimy executioner's axe
 13486 | D:11     | Killed an unseen horror
 13486 | D:11     | Reached **** piety under Sif Muna
 13487 | D:11     | Reached skill level 11 in Ice Magic
 13766 | D:11     | Noticed a purple ugly thing
 13775 | D:11     | Killed a purple ugly thing
 13847 | D:11     | Found Wuidwemu's Antique Weapon Boutique.
 13865 | D:11     | Found a staircase to the Lair.
 13866 | D:11     | Noticed an oklob plant
 13870 | D:11     | Noticed an oklob plant
 14012 | D:11     | Killed an oklob plant
 14012 | D:11     | Splashed by an oklob plant's acid

Illustrated notes

Levels and vault maps discovered:
D:1:      denvon_arrival_planthouse, layout_loops_ring
D:2:      layout_basic, lemuel_doored_altar, uniq_natasha
D:3:      layout_basic, dk_vineyard_3, minmay_misc_feat_iff, elyvilon_altar_4,
          uniq_crazy_yiuf_cottage
D:4:      layout_rooms, fedhas_ov_isle_minmay, uniq_eustachio
D:5:      layout_layer_cave, minivault_27
D:6:      layout_rooms, dancing_weapons_uskayaw, chequers_hall_statues_corner_a,
          makhleb_heckhound_becter, uniq_edmund, uniq_blork_the_orc,
          uniq_menkaure
D:7:      old_forge, layout_loops_ring, minmay_temple_entry_drinking_statues,
          ebering_ghost_rock_garden, uniq_pikel, uniq_prince_ribbit1
D:8:      layout_basic, chequers_temple_overflow_minitemple, hex_tiny
D:9:      layout_gridville, grunt_temple_overflow_order_and_chaos_2,
          serial_co_window_serial, co_window_corner_a, co_window_corner_a,
          co_window_paths_b, co_window_paths_b, co_window_paths_a,
          co_window_paths_a, co_window_paths_a, co_window_corner_a,
          co_window_paths_a, co_window_of_opportunity_b, co_window_2corner,
          co_window_2corner
D:10:     layout_roguey [special_room_orc], enter_bailey_5
D:11:     layout_stronghold, dpeg_oklobed_lair, basic_altar, serial_shops, shop,
          gammafunk_ghost_necromancy
Temple:   minmay_freezing_vapour_temple

Skill      XL: |  1  2  3  4  5  6  7  8  9 10 11 |
---------------+----------------------------------+-----
Dodging        | 3 4 5 6 8 9 10 | 10.0
Spellcasting   | 4 5 6 7 8 9 10 | 10.6
Ice Magic      | 5 6 7 8 9 10 11 | 11.0
Shields        | 1 2 4 |  4.0
Invocations    | 2 5 7 |  7.9
Long Blades    | 2 |  2.0
Fighting       | 1 3 4 |  4.4
Stealth        | |  2.4

Action                   |  1- 3 |  4- 6 |  7- 9 | 10-12 || total
-------------------------+-------+-------+-------+-------++-------
Melee: Spear             |    28 |    51 |    67 |       ||   146
       Flail             |       |       |    66 |       ||    66
       Double sword      |       |       |    32 |    63 ||    95
Throw: Dart              |     3 |     7 |    19 |    50 ||    79
 Cast: Freeze            |    17 |    45 |    34 |    39 ||   135
       Frozen Ramparts   |     1 |     6 |    37 |    45 ||    89
       Summon Ice Beast  |       |     1 |    19 |    29 ||    49
       Ozocubu's Armour  |       |     1 |    18 |    35 ||    54
       Hailstorm         |       |       |     1 |       ||     1
Invok: Channel Magic     |       |       |       |     1 ||     1
  Use: Scroll            |       |     1 |     5 |    11 ||    17
       Potion            |       |       |     2 |     2 ||     4
 Stab: Sleeping          |     6 |     2 |     3 |     1 ||    12
       Distracted        |       |       |     1 |       ||     1
Armor: Robe              |     2 |    14 |    40 |    35 ||    91
Dodge: Dodged            |     9 |    45 |   150 |   150 ||   354
Block: Buckler           |       |     2 |    19 |    24 ||    45
       Rpst.: Double sword |       |       |    15 |    20 ||    35
